 Dungeon Crawl Stone Soup version 0.24.1-4-ge52af88ad5 (webtiles) character file.

Game seed: 16600644258398585790, levelgen mode: deterministic

92 Peloso the Covered (level 4, -4/40 HPs)
             Began as a Minotaur Fighter on Apr 12, 2020.
             Slain by a gnoll
             ... wielding a +0 club
              (8 damage)
             ... on level 3 of the Dungeon.
             The game lasted 00:03:30 (1694 turns).

Peloso the Covered (Minotaur Fighter)               Turns: 1694, Time: 00:03:31

Health: -4/40      AC:  7    Str: 20    XL:     4   Next: 35%
Magic:  3/3        EV:  7    Int:  5    God:
Gold:   174        SH:  9    Dex: 11    Spells: 3/3 levels left

rFire    . . .     SeeInvis .   a - +0 long sword
rCold    . . .     Gourm    .   c - +0 shield
rNeg     . . .     Faith    .   m - +0 scale mail
rPois    .         Spirit   .   (helmet restricted)
rElec    .         Reflect  .   (no cloak)
rCorr    .         Harm     .   (no gloves)
MR       .....                  (no boots)
Stlth    ..........             (no amulet)
HPRegen  0.13/turn              l - +1 ring of protection
MPRegen  0.08/turn              (no ring)

@: heavily drained
A: retaliatory headbutt, horns 2
a: no special abilities


You were on level 3 of the Dungeon.
You were not hungry.

You visited 1 branch of the dungeon, and saw 3 of its levels.

You collected 174 gold pieces.

Inventory:

Hand Weapons
 a - a +0 long sword (weapon)
 b - a +0 dagger of flaming
Armour
 c - a +0 shield (worn)
 m - a +0 scale mail (worn)
Jewellery
 l - a +1 ring of protection (left hand)
Scrolls
 e - a scroll of random uselessness {unknown}
 g - 4 scrolls of identify {unknown}
 h - 3 scrolls of remove curse {unknown}
 i - a scroll of fog {unknown}
 j - a scroll of teleportation {unknown}
Potions
 d - 3 potions of might
 k - a potion of mutation {unknown}
 n - a potion of degeneration {unknown}
 o - a potion of cancellation {unknown}
 r - a potion of berserk rage {unknown}
Comestibles
 f - 3 rations
 p - a chunk of flesh


   Skills:
 + Level 4.1(2.5) Fighting
 + Level 3.3(1.7) Long Blades
 + Level 4.6(3.0) Armour
 + Level 0.4(0.0) Dodging
 + Level 4.5(2.9) Shields


You had 3 spell levels left.
You didn't know any spells.
Your spell library was empty.

Dungeon Overview and Level Annotations

Branches:
Dungeon (3/15)

Altars:
Elyvilon
Wu Jian


Innate Abilities, Weirdness & Mutations

You reflexively headbutt those who attack you in melee.
You have a pair of horns on your head.


Message History

* * * LOW HITPOINT WARNING * * *
You block the gnoll's attack. The gnoll closely misses you.
You slash the gnoll!
You kill the gnoll!
The gnoll hits you but does no damage. You block the gnoll's attack.
The gnoll hits you but does no damage. The gnoll hits you with a +0 spear.
* * * LOW HITPOINT WARNING * * *
You see here a +0 trident.
Unknown command.
Unknown command.
You hit the gnoll.
The gnoll is heavily wounded.
The gnoll hits you but does no damage. The gnoll completely misses you.
The gnoll hits you with a +0 spear.
* * * LOW HITPOINT WARNING * * *
Unknown command.
You barely miss the gnoll. You headbutt the gnoll.
The gnoll is almost dead.
The gnoll hits you with a +0 club!
You die...

####.#...#
##......##
#........#
##......##
#....#.#.#
##......##
####.#.#.#
##......## #.#.#.#
##......## #.#.#.#
##......##
#.#.#.#"###......##
#.......##......##
###(#.###....g@##
#.#.# #+#....g.#
#.#)# ###......#
#.#.# ###......# #
#.#.# ##..... ###
#.#.# ##...
..###.#.# ##.
#...#.#.#
###...#.######


You could see 2 gnolls.

Vanquished Creatures
  Robin (D:2)
  An adder (D:3)
  A gnoll (D:3)
  2 oozes (D:2)
  A dart slug (D:2)
  2 leopard geckos (D:3)
  10 goblins
  7 hobgoblins
  3 jackals (D:3)
  A quokka (D:3)
  A ball python (D:2)
  4 bats
  9 frilled lizards
  4 kobolds
  5 rats
52 creatures vanquished.

Notes
Turn   | Place    | Note
-------+----------+-------------------------------------------
     0 | D:1      | Peloso the Minotaur Fighter began the quest for the Orb.
     0 | D:1      | Reached XP level 1. HP: 19/19 MP: 0/0
   580 | D:2      | Reached XP level 2. HP: 27/27 MP: 1/1
   630 | D:2      | Noticed Robin
   640 | D:2      | Killed Robin
   640 | D:2      | Reached XP level 3. HP: 13/33 MP: 2/2
   987 | D:2      | Found an ornate altar of the Wu Jian Council.
  1155 | D:2      | Found a white marble altar of Elyvilon.
  1548 | D:3      | Reached XP level 4. HP: 35/40 MP: 3/3
  1694 | D:3      | Slain by a gnoll

Levels and vault maps discovered:
D:1:      giann_horns, layout_basic
D:2:      layout_rooms, marbit_many_paths, lemuel_crystal_altar, uniq_robin
D:3:      minmay_razor_zed, layout_basic, first_ration, minmay_lizard_king,
          uniq_crazy_yiuf_cottage

Skill      XL: |  1  2  3 |
---------------+----------+-----
Armour         | 4 |  4.6
Fighting       | 4 |  4.1
Shields        | 4 |  4.5
Long Blades    | 3 |  3.3
Dodging        | |  0.4

Action                   |  1- 3 |  4- 6 || total
-------------------------+-------+-------++-------
Melee: Long sword        |    74 |    34 ||   108
       Headbutt          |    12 |     4 ||    16
  Use: Potion            |     1 |       ||     1
  Eat: Chunk             |     1 |     2 ||     3
Armor: Scale mail        |    34 |    22 ||    56
Dodge: Dodged            |    28 |    16 ||    44
Block: Shield            |    47 |    22 ||    69
       Rpst.: Long sword |     8 |     3 ||    11
